 Dungeon Crawl Stone Soup version 0.30-a0-840-ga523dec638 (webtiles) character file.

Game seed: 2611281757860377086

87 bande the Covered (level 4, -3/29 HPs)
             Began as a Gargoyle Fighter on Mar 2, 2023.
             Slain by hgbash's ghost (12 damage)
             ... on level 3 of the Dungeon.
             The game lasted 00:02:31 (2037 turns).

bande the Covered (Gargoyle Fighter)                Turns: 2037, Time: 00:02:32

Health: -3/29      AC: 16    Str: 19    XL:     4   Next: 51%
Magic:  3/3        EV:  7    Int:  9    God:
Gold:   211        SH:  4    Dex: 11    Spells: 3/3 levels left

rFire   . . .      SeeInvis .    a - +0 trident
rCold   . . .      Faith    .    c - +0 buckler
rNeg    + . .      Spirit   .    p - +0 chain mail
rPois   ∞          Reflect  .    (no helmet)
rElec   +          Harm     .    (no cloak)
rCorr   .          Rampage  .    g - +0 pair of gloves
Will    .....      Clarity  +    (no boots) Stlth
                                 (no amulet)
HPRegen 0.24/turn                (no ring)
MPRegen 0.08/turn                (no ring)

@: mighty
A: sickness immunity, AC +3, negative energy resistance 1, electricity
resistance, torment resistance 1, petrification resistance, iridescent scales 1,
clarity, low MP 1
a: no special abilities


You were on level 3 of the Dungeon.
You visited 1 branch of the dungeon, and saw 3 of its levels.

You collected 211 gold pieces.

Inventory:

Hand Weapons
 a - a +0 trident (weapon)
 k - a +0 war axe
 s - a +0 flail
Armour
 c - a +0 buckler (worn)
 g - a +0 pair of gloves (worn)
 p - a +0 chain mail (worn)
Scrolls
 b - a scroll of brand weapon {unknown}
 f - 2 scrolls of amnesia {unknown}
 h - a scroll of fear {unknown}
 j - a scroll of blinking {unknown}
 n - 2 scrolls of identify {unknown}
 r - 2 scrolls of teleportation {unknown}
 t - 3 scrolls of torment {unknown}
Potions
 e - a potion of haste {unknown}
 i - a potion of mutation
 l - a potion of heal wounds {unknown}
 m - 2 potions of resistance {unknown}
 o - a potion of degeneration {unknown}
 q - a potion of brilliance {unknown}
 u - a potion of curing {unknown}


   Skills:
 + Level 3.8 Fighting
 + Level 3.0 Polearms
 + Level 3.9 Armour
 - Level 0.1 Stealth
 + Level 3.7 Shields


You had 3 spell levels left.
You didn't know any spells.
Your spell library contained the following spells:

 Spells                   Type           Power      Damage    Failure   Level
 Static Discharge         Conj/Air       0%         2-2/arc   100%        2
 Vhi's Electric Charge    Tloc/Air       0%         N/A       100%        3
 Arcjolt                  Conj/Air       0%         1d10      100%        5
 Lightning Bolt           Conj/Air       0%         1d11      100%        5


Dungeon Overview and Level Annotations

Branches:
Dungeon (3/15)

Altars:
Gozag

Annotations:
D:3 hgbash's ghost, amateur OgBe


Innate Abilities, Weirdness & Mutations

You are immune to sickness and miasma.
Your stone body is resilient. (AC +3)
You are immune to poison.
You resist negative energy. (rN+)
You are resistant to electric shocks. (rElec)
You are resistant to unholy torment.
You are immune to petrification.
You are partially covered in iridescent scales. (AC +2)
You possess an exceptional clarity of mind.
Your magical capacity is low. (-10% MP)


Message History

You now have 178 gold pieces (gained 13).
You now have 193 gold pieces (gained 15).
You now have 199 gold pieces (gained 6).
Found a stone staircase leading down.
No target in view!
No target in view!
You now have 211 gold pieces (gained 12).
There is a stone staircase leading down here.
u - a fuming silvery potion You see here a +0 whip.
There is a stone staircase leading up here.
The endoplasm quivers.
The kobold shouts!
You hear an angry hiss.
The white imp shouts!
The adder hisses angrily.
Could not explore, unopened runed door.
The white imp shouts, "Back with thee, thou fawning dismal-dreaming dingleberry!"
You open the gate. The white imp attacks as you move away!
The white imp hits you but does no damage.
Hgbash's ghost hits you but does no damage.
Hgbash's ghost attacks as you move away!
Hgbash's ghost hits you.
Hgbash's ghost attacks as you move away!
Hgbash's ghost hits you!
Hgbash's ghost ripples.
Hgbash's ghost attacks as you move away!
Hgbash's ghost hits you!
* * * LOW HITPOINT WARNING * * *
Hgbash's ghost attacks as you move away!
Hgbash's ghost closely misses you.
Hgbash's ghost attacks as you move away!
Hgbash's ghost hits you but does no damage.
It was a potion of mutation.
You feel extremely strange.
You feel less energetic.
Your thoughts seem clearer.
Iridescent scales grow over part of your body.
Hgbash's ghost hits you but does no damage.
You feel very mighty all of a sudden. Hgbash's ghost hits you!
You die...

#.######.#.# #.# #.# #.#.# #.#
#.# #.#.# #.# #.# #.#.# #.# #.#
#.#.# #.## #.# #.#.# #..# #.#
#.#.# #..#######
#.######.#.####### #.........
####.##.........@W5S# ##.#####...
.....##.###...#####J###...####..~
#######.# ##### #............~⌠
#.# #.##.....###.~. #.#
#.##.....# #... #.# #J....(..#
##.. #.# #K####..## ##. #.# #.#
#..######. #<# #.# #.........


You could see hgbash's ghost, an adder, a white imp and an endoplasm.

Vanquished Creatures
  4 adders
  3 dart slugs
  6 endoplasms
  2 giant cockroaches (D:1)
  5 goblins
  3 hobgoblins
  2 jackals (D:1)
  2 quokkas
  4 ball pythons
  2 bats
  4 frilled lizards
  3 kobolds
  4 rats
44 creatures vanquished.

Notes
Turn   | Place    | Note
-------+----------+-------------------------------------------
     0 | D:1      | bande the Gargoyle Fighter began the quest for the Orb.
     0 | D:1      | Reached XP level 1. HP: 14/14 MP: 1/1
    99 | D:1      | Reached XP level 2. HP: 19/19 MP: 2/2
   336 | D:1      | Reached XP level 3. HP: 23/23 MP: 3/3
  1025 | D:2      | Reached XP level 4. HP: 29/29 MP: 4/4
  1481 | D:3      | Found a runed translucent gate.
  1482 | D:3      | Found a runed translucent gate.
  1482 | D:3      | Found a runed translucent gate.
  1501 | D:3      | Found an opulent altar of Gozag.
  1502 | D:3      | Noticed hgbash's ghost (amateur OgBe)
  2036 | D:3      | Gained mutation: Your magical capacity is low. (-10% MP)
                  | [potion of mutation]
  2036 | D:3      | Gained mutation: You possess an exceptional clarity of
                  | mind. [potion of mutation]
  2036 | D:3      | Gained mutation: You are partially covered in iridescent
                  | scales. (AC +2) [potion of mutation]
  2037 | D:3      | Slain by hgbash's ghost

Illustrated notes

Levels and vault maps discovered:
D:1:      lightli_arrival_maybe_door_vault, layout_rooms,
          minmay_misc_feat_alley, nicolae_titane
D:2:      layout_loops_ring, grunt_decor_arrowhead
D:3:      layout_loops_ring, ebering_ghost_gozag, corexii_leaking_fountain,
          minmay_cupped

Skill      XL: |  1  2  3  4 |
---------------+-------------+-----
Polearms       | 2 3 |  3.0
Fighting       | |  3.8
Armour         | |  3.9
Stealth        | |  0.1
Shields        | |  3.7

Action                     |  1- 3 |  4- 6 || total
---------------------------+-------+-------++-------
  Melee: Trident           |   108 |    53 ||   161
    Use: Potion            |       |     2 ||     2
 Armour: Scale mail        |    39 |       ||    39
         Chain mail        |    12 |    44 ||    56
  Dodge: Dodged            |    37 |    26 ||    63
  Block: Buckler           |    19 |    10 ||    29

Table legend: (Time is in decaauts)
 A = Elapsed time spent in this place.
 B = Non-inter-level travel time spent in this place.
 C = Inter-level travel time spent in this place.
 D = Time resting spent in this place.
 E = Time spent auto-exploring this place.
 F = Levels seen in this place.
 G = Mean time per level.
                   A        B        C        D        E       F      G
               +--------+--------+--------+--------+--------+-----+--------+
         Total |   2071 |   2010 |     61 |      0 |   1576 |   3 |  690.3 |
       Dungeon |   2071 |   2010 |     61 |      0 |   1576 |   3 |  690.3 |
               +--------+--------+--------+--------+--------+-----+--------+

Top non-repeatable levels by time:
     D:2: 813 daAuts
     D:3: 739 daAuts
     D:1: 518 daAuts
